Map: King's Cove LE

Players

Woah

  • Race: Terran Terran
  • Spawn Location: 5:00

EunJi - Winner!

  • Race: Zerg Zerg
  • League: Platinum
  • Spawn Location: 11:00

VOD

Have the link to the VOD?

Description

Time

  • Played on: June 11, 2019, 9:07 p.m.
  • Length: 6:54
Show
View Real Time Build Order
Export as new Build Order

Woah Terran 

Build Orders:  

Get SALT Encoding   

  12  0:03  SCV  
  13  0:15  SCV  
  14  0:22  Supply Depot  
  14  0:44  Barracks  
  14  0:46  SCV  
  14  0:47  Refinery  
  15  1:00  Barracks  
  15  1:09  SCV  
  16  1:17  Refinery  
  16  1:33  Barracks  
  16  1:39  Reaper  
  17  1:45  SCV  
  18  1:51  Reaper  
  19  2:12  Supply Depot  
  19  2:14  Reaper  
  20  2:23  Reaper  
  21  2:31  Supply Depot  
  21  2:51  Reaper x2  
  23  3:16  Reaper  
  24  3:23  Reaper  
  25  3:38  Orbital Command  
  25  3:41  Reaper  
  25  3:42  Engineering Bay  
  26  3:48  Reaper  
  22  4:03  Reaper  
  22  4:09  SCV  
  23  4:10  Terran Infantry Weapons Level 1  
  23  4:13  Reaper  
  24  4:20  Reaper  
  24  4:21  SCV  
  25  4:56  Reaper x3  
  25  5:28  Reaper x2  
  25  5:35  SCV  
  26  5:47  SCV  
  26  5:55  Reaper  
  26  6:00  Reaper  
  23  6:06  Reaper  
Show
View Real Time Build Order
Export as new Build Order

EunJi Zerg - Winner!

Build Orders: Hatch First 

Get SALT Encoding   

  12  0:02  Drone  
  13  0:13  Overlord  
  13  0:18  Drone  
  14  0:32  Drone x2  
  16  0:35  Drone  
  17  0:59  Drone  
  17  1:00  Hatchery  
  17  1:02  Extractor  
  16  1:15  Spawning Pool  
  16  1:18  Drone  
  16  1:20  Drone  
  17  1:26  Drone  
  17  1:30  Drone  
  20  1:40  Drone  
  20  1:50  Drone  
  21  2:02  Zergling x2  
  22  2:13  Queen, Zergling x2  
  22  2:14  Queen  
  27  2:16  Metabolic Boost  
  27  2:18  Overlord  
  28  2:22  Drone  
  28  2:28  Overlord  
  28  2:34  Overlord  
  28  2:42  Zergling x2  
  28  2:48  Zergling x2  
  28  2:49  Drone  
  29  2:59  Drone x2  
  31  3:12  Zergling x2  
  31  3:13  Zergling x2  
  31  3:17  Zergling x4  
  31  3:33  Zergling x12  
  35  3:41  Zergling x4  
  37  3:42  Queen  
  37  3:44  Queen  
  41  3:54  Zergling x4  
  39  4:04  Zergling x4  
  41  4:21  Baneling Nest  
  41  4:22  Extractor  
  39  4:34  Zergling x10  
  39  4:35  Zergling x4  
  46  4:49  Zergling x4  
  46  4:54  Lair  
  46  4:56  Zergling x4  
  47  5:07  Zergling x6  
  47  5:08  Zergling x4  
  49  5:22  Zergling x4  
  51  5:34  Baneling x6  
  51  5:35  Baneling x5  
  51  5:38  Overlord x2  
  45  6:06  Zergling x2  
  45  6:07  Zergling x8  
  49  6:11  Zergling x2  
  49  6:17  Hydralisk Den  
  43  6:29  Drone x2  
  43  6:30  Drone x2  
Tags
 
League
Platinum
Matchup
TvZ
Replay Pack
r1
Spawn Locations
Cross Positions
Add a new tag
Caveats
  • Supply blocks, unpowered buildings, or Contaminate may cause inaccurate times.
  • Supply counts are checked every 10 seconds.